 Dungeon Crawl Stone Soup version 0.19-b1-1-g9a3527e (webtiles) character file.

37 kurovuster the Caller (level 3, -7/19 HPs)
             Began as a Tengu Summoner on Oct 28, 2016.
             Was an Initiate of Ru.
             Mangled by an iguana (9 damage)
             ... on level 4 of the Dungeon.
             The game lasted 00:14:18 (2233 turns).

kurovuster the Caller (Tengu Summoner)              Turns: 2233, Time: 00:14:19

Health: -7/19      AC:  8    Str:  7 (8)  XL:     3   Next: 41%
Magic:  7/7        EV:  1    Int: 15 (16) God:    Ru [......]
Gold:   49         SH:  3    Dex: 11 (14) Spells: 1 memorised, 5 levels left

rFire  . . .     SeeInvis .     i - +0 club
rCold  . . .     Gourm    .     g - +0 chain mail
rNeg   . . .     Faith    .     e - +0 buckler
rPois  .         Spirit   .     (helmet restricted)
rElec  .         Reflect  .     (no cloak)
rCorr  .         Harm     .     (no gloves)
MR     .....                    (boots unavailable)
Stlth  ..........               (no amulet)
                                (no ring)
                                k - ring of stealth

@: very slightly contaminated
A: beak, talons 3
a: Renounce Religion


You were on level 4 of the Dungeon.
You worshipped Ru.
Ru was noncommittal.
You were not hungry.

You visited 2 branches of the dungeon, and saw 5 of its levels.

You collected 49 gold pieces.

Inventory:

Hand Weapons
 i - a +0 club (weapon)
 l - a +0 club
Missiles
 d - 14 poisoned needles (quivered)
Armour
 a - a +0 robe
 e - a +0 buckler (worn)
 g - a +0 chain mail (worn)
Jewellery
 k - a ring of stealth (left hand)
Scrolls
 j - a scroll of identify
 m - a scroll of recharging
Potions
 f - 2 potions of lignification
 h - a potion of haste
Books
 b - a book of Callings

   Spells                             Type                      Level
   a - Summon Small Mammal            Summoning                    1
   b - Call Imp                       Summoning                    2
   c - Call Canine Familiar           Summoning                    3
   d - Summon Guardian Golem          Hexes/Summoning              3
   e - Summon Lightning Spire         Summoning/Air                4
   f - Summon Ice Beast               Ice/Summoning                4
Comestibles
 c - a meat ration


   Skills:
 + Level 0.7 Armour
 + Level 2.3 Dodging
 + Level 2.0 Stealth
 + Level 1.3 Unarmed Combat
 + Level 2.2 Spellcasting
 + Level 5.3 Summonings


You had 5 spell levels left.
You knew the following spells:

 Your Spells              Type           Power        Failure   Level  Hunger
a - Summon Small Mammal   Summ           ###.         100%        1    #......


Dungeon Overview and Level Annotations

Branches:
Dungeon (4/15)             Temple (1/1) D:4

Altars:
Ashenzari
Cheibriados
Dithmenos
Elyvilon
Fedhas
Gozag
Hepliaklqana
Kikubaaqudgha
Makhleb
Nemelex Xobeh
Okawaru
Qazlal
Ru
Trog
Uskayaw
Vehumet
Yredelemnul
Zin


Innate Abilities, Weirdness & Mutations

You have a beak for a mouth.
You have claws for feet.


Message History

The iguana bites you but does no damage.
The iguana bites you!
* * * LOW HITPOINT WARNING * * *
k - a ring of stealth (left hand)
Okay, then.
Casting: Summon Small Mammal
Confirm with . or Enter, or press ? or * to list all spells.
You don't know that spell.
Press: ? - help, v - describe, . - travel
Here: an iguana The floor.
You see here 2 scrolls labeled GESHITH RYZIWN.
m - 2 scrolls labeled GESHITH RYZIWN The iguana bites you.
* * * LOW HITPOINT WARNING * * *
As you read the scroll labeled GESHITH RYZIWN, it crumbles to dust.
It is a scroll of recharging.
You aren't carrying any rechargeable items.
The iguana bites you!
You die...

...... ......
########
......##......#
......#......#
#....#......#
#....#@.....#
###....#l.....#
.....(........#
..............#
..............#
..............#
....###.#.###.#
#### #.#.# ##
#.#.###


You could see an iguana.

Vanquished Creatures
  2 dart slugs (D:1)
  5 bats
  4 giant cockroaches
  2 goblins (D:1)
  6 hobgoblins
  A kobold (D:3)
  A frilled lizard (D:1)
  8 rats
29 creatures vanquished.

Vanquished Creatures (collateral kills)
  A leopard gecko (D:1)
  A rat (D:1)
2 creatures vanquished.

Grand Total: 31 creatures vanquished

Notes
Turn   | Place    | Note
-------+----------+-------------------------------------------
     0 | D:1      | kurovuster the Tengu Summoner began the quest for the Orb.
     0 | D:1      | Reached XP level 1. HP: 10/10 MP: 4/4
   130 | D:1      | Reached skill level 5 in Summonings
   296 | D:1      | Reached XP level 2. HP: 11/15 MP: 3/6
  1229 | D:1      | Reached XP level 3. HP: 19/19 MP: 7/7
  1503 | D:2      | Reached skill level 1 in Unarmed Combat
  1886 | D:4      | Found a staircase to the Ecumenical Temple.
  1890 | Temple   | Entered the Ecumenical Temple
  1962 | Temple   | Became a worshipper of Dithmenos the Shadowed
  2013 | Temple   | Fell from the grace of Dithmenos
  2013 | Temple   | Became a worshipper of Ru the Awakened
  2233 | D:4      | Mangled by an iguana

Skill      XL: |  1  2  3 |
---------------+----------+-----
Summonings     | 5 |  5.3
Unarmed Combat | 1 |  1.3
Armour         | |  0.7
Dodging        | |  2.3
Stealth        | |  2.0
Spellcasting   | |  2.2

Action                   || total
-------------------------++-------
Melee: Unarmed           ||    97
       Kick              ||    37
       Peck              ||    30
       Club              ||    71
 Cast: Summon Small Mamm ||     4
  Use: Scroll            ||     3
       Potion            ||     4
 Stab: Sleeping          ||     1
  Eat: Bread ration      ||     1
Armor: Robe              ||     5
       Chain mail        ||   131
Dodge: Dodged            ||    32
Block: Buckler           ||    30
